 Dungeon Crawl Stone Soup version 0.30.1-6-gbe392663c4 (webtiles) character file.

Game seed: 11468351508119713695

126 Kurtz the Chopper (level 5, -5/32 HPs)
             Began as a Tengu Fighter on Sept 21, 2023.
             Slain by an ice beast (6 damage)
             ... on level 2 of the Dungeon.
             The game lasted 00:01:23 (2169 turns).

Kurtz the Chopper (Tengu Fighter)                   Turns: 2169, Time: 00:01:23

Health: -5/32      AC: 10    Str: 19    XL:     5   Next: 10%
Magic:  6/6        EV: 11    Int:  8    God:
Gold:   107        SH:  4    Dex: 13    Spells: 4/4 levels left

rFire   . . .        a - +0 war axe
rCold   . . .        c - +0 buckler
rNeg    . . .        i - +4 ring mail
rPois   .            (helmet restricted)
rElec   .            (no cloak)
rCorr   +            j - +0 pair of gloves
SInv    .            (boots unavailable)
Will    .....        (no amulet)
Stlth   +            q - ring of resist corrosion
HPRegen 0.25/turn    (no ring)
MPRegen 0.10/turn

%: no passive effects
@: flying quickly and evasively, quick
A: beak, talons 3, nimble flight
a: no special abilities


You were on level 2 of the Dungeon.
You visited 1 branch of the dungeon, and saw 3 of its levels.

You collected 146 gold pieces.
You spent 39 gold pieces at shops.

Inventory:

Hand Weapons
 a - a +0 war axe (weapon)
Armour
 b - a +0 scale mail
 c - a +0 buckler (worn)
 i - a +4 ring mail (worn)
 j - a +0 pair of gloves (worn)
Jewellery
 q - a ring of resist corrosion (left hand)
Scrolls
 e - 4 scrolls of identify {unknown}
 f - 4 scrolls of teleportation
 g - 2 scrolls of enchant weapon {unknown}
 k - a scroll of vulnerability {unknown}
 l - a scroll of magic mapping {unknown}
 m - a scroll of amnesia {unknown}
 o - a scroll of enchant armour {unknown}
Potions
 d - a potion of might
 h - a potion of curing {unknown}
 n - a potion of mutation {unknown}
 p - a potion of attraction {unknown}


   Skills:
 - Level 3.0 Fighting
 * Level 5.6 Axes
 - Level 3.2 Armour
 - Level 3.0 Shields


You had 4 spell levels left.
You didn't know any spells.
Your spell library contained the following spells:

 Spells                   Type           Power      Damage    Failure   Level
 Tukima's Dance           Hex            0%         N/A       95%         3
 Vhi's Electric Charge    Tloc/Air       0%         N/A       95%         3
 Passage of Golubria      Tloc           0%         N/A       100%        4
 Arcjolt                  Conj/Air       0%         1d10      100%        5
 Yara's Violent Unravell  Hex/Tmut       0%         3d3       100%        5
 Plasma Beam              Fire/Air       0%         2x1d11    100%        6


Dungeon Overview and Level Annotations

Branches:
Dungeon (3/15)

Altars:
Qazlal

Shops:
D:2 ?

Annotations:
D:3 Robin


Innate Abilities, Weirdness & Mutations

You have a beak for a mouth.
You have claws for feet.
Your magical nature lets you fly swiftly and evasively.


Message History

Robin shouts!
An ice beast comes into view.
Robin says, "Bow before me, strongest of all the hobgoblins!"
Robin throws the goblin at you!
You slash the goblin!
You kill the goblin!
Robin throws the goblin at you!
There are monsters nearby!
You slash the goblin!
You kill the goblin!
You closely miss the goblin. The goblin barely misses you.
The goblin closely misses you.
Robin roars a battlecry!
The goblins go into a battle-frenzy!
A goblin comes into view. It is wielding a +0 club.
You slash the ice beast! You claw the ice beast!
The ice beast is severely wounded.
You barely miss the goblin. You hit the goblin.
You kill the goblin!
The ice beast hits you. The ice beast freezes you.
You block the goblin's attack. Robin throws the goblin at you!
You hit the ice beast but do no damage. You claw the ice beast.
The ice beast is almost dead.
You barely miss the goblin. You hit the goblin but do no damage.
The ice beast misses you. The goblin hits you with a +0 club.
Unknown command.
Unknown command.
The goblin hits you but does no damage. x2
There is a stone staircase leading up here.
The ice beast hits you. The ice beast freezes you!
* * * LOW HITPOINT WARNING * * *
The goblin hits you but does no damage.
You fly upwards.
There is a stone staircase leading down here.
Unknown command.
The ice beast hits you but does no damage.
The ice beast hits you.
* * * LOW HITPOINT WARNING * * *
The ice beast freezes you.
You die...

###########
#.#......)###
#####.#.####....#
#......<#.....#.#
#.....###.###.#.##
#g................
#.Y..######...####
#@.###.†..###..#
##.##...)....##†##
#..#....†###..#..#
#.##.#.....##.##.#
#.#..#..)..(#..#.#
#.#..#.(##..#..#.##
#.#..#.†##..#..#..#
#.#..#..[...#..#...
#.##.##....##.##.#.


You could see an ice beast and a goblin (strong).

Vanquished Creatures
  2 adders (D:2)
  A gnoll (D:2)
  A worm (D:2)
  7 dart slugs
  9 bats
  5 endoplasms
  3 giant cockroaches
  7 goblins
  7 hobgoblins
  6 jackals (D:2)
  9 kobolds
  2 quokkas
  9 ball pythons
  5 frilled lizards
  6 rats
79 creatures vanquished.

Notes
Turn   | Place    | Note
-------+----------+-------------------------------------------
     0 | D:1      | Kurtz the Tengu Fighter began the quest for the Orb.
     0 | D:1      | Reached XP level 1. HP: 14/14 MP: 2/2
   124 | D:1      | Reached skill level 3 in Axes
   124 | D:1      | Reached XP level 2. HP: 11/19 MP: 3/3
   473 | D:1      | Reached XP level 3. HP: 23/23 MP: 4/4
   734 | D:1      | Reached skill level 4 in Axes
  1421 | D:2      | Found Haock's Magic Scroll Emporium.
  1458 | D:2      | Bought a scroll of teleportation for 39 gold pieces
  1491 | D:2      | Found a stormy altar of Qazlal.
  1554 | D:2      | Reached XP level 4. HP: 18/28 MP: 5/5
  1847 | D:2      | Reached skill level 5 in Axes
  2094 | D:2      | Gained mutation: Your magical nature lets you fly swiftly
                  | and evasively. [Tengu growth]
  2094 | D:2      | Reached XP level 5. HP: 30/32 MP: 6/6
  2158 | D:3      | Noticed Robin
  2158 | D:3      | Noticed an ice beast
  2169 | D:2      | HP: 1/32 [ice beast (4)]
  2169 | D:2      | Slain by an ice beast

Illustrated notes

Levels and vault maps discovered:
D:1:      sevenhm_arrival_forest_fort_large_4, layout_basic
D:2:      minmay_razor_zed, layout_basic, serial_shops, shop, basic_altar,
          minmay_randomly_rotated_circles
D:3:      layout_loops_ring, nicolae_overflow_crystal_walls,
          nicolae_underground_beach, uniq_terence, uniq_robin

Skill      XL: |  1  2  3  4 |
---------------+-------------+-----
Axes           | 3 4 5 |  5.6
Fighting       | |  3.0
Armour         | |  3.2
Shields        | |  3.0

Action                     |  1- 3 |  4- 6 || total
---------------------------+-------+-------++-------
  Melee: War axe           |    69 |    71 ||   140
         Kick              |    15 |    15 ||    30
         Peck              |     6 |    12 ||    18
 Armour: Scale mail        |    25 |       ||    25
         Ring mail         |    10 |    47 ||    57
  Dodge: Dodged            |    41 |    43 ||    84
  Block: Buckler           |    12 |    15 ||    27
